 Dungeon Crawl Stone Soup version 0.20.0-10-g0535bb4 (webtiles) character file.

28 mcbry the Skirmisher (level 3, -1/34 HPs)
             Began as a Hill Orc Abyssal Knight on June 7, 2017.
             Was a Follower of Lugonu.
             Slain by a gnoll
             ... wielding a +0 flail
              (8 damage)
             ... on level 1 of the Dungeon.
             The game lasted 00:05:42 (1127 turns).

mcbry the Skirmisher (Hill Orc Abyssal Knight)      Turns: 1127, Time: 00:05:43

Health: -1/34      AC:  3    Str: 15    XL:     3   Next: 12%
Magic:  3/3        EV: 11    Int: 12    God:    Lugonu [*.....]
Gold:   18         SH:  0    Dex:  6    Spells: 2/2 levels left

rFire    . . .     SeeInvis .   a - +1 hand axe
rCold    . . .     Gourm    .   (no shield)
rNeg     . . .     Faith    .   b - +0 leather armour
rPois    .         Spirit   .   (no helmet)
rElec    .         Reflect  .   (no cloak)
rCorr    .         Harm     .   (no gloves)
MR       .....                  (no boots)
Stlth    +.........             (no amulet)
Regen    0.2/turn               (no ring)
MPRegen  0.1/turn               (no ring)

@: no status effects
A: [clumsy 2], [low mp 3]
a: Depart the Abyss, Renounce Religion


You were on level 1 of the Dungeon.
You worshipped Lugonu.
Lugonu was aware of your devotion.
You were hungry.

You visited 1 branch of the dungeon, and saw 2 of its levels.
You visited the Abyss 1 time.

You collected 18 gold pieces.

Inventory:

Hand Weapons
 a - a +1 hand axe (weapon)
Armour
 b - a +0 leather armour (worn)
Scrolls
 e - a scroll of identify {unknown}
 f - a scroll of immolation {unknown}
 g - a scroll of recharging {unknown}
 l - a scroll of remove curse {unknown}
Potions
 d - a potion of flight {unknown}
 i - 2 potions of degeneration {unknown}
 j - 2 potions of invisibility {unknown}
 k - a potion of curing {unknown}
Comestibles
 c - 2 bread rations
 h - 2 meat rations


   Skills:
 + Level 4.4 Fighting
 + Level 3.1 Axes
 + Level 2.5 Armour
 + Level 0.7 Dodging
 + Level 2.6 Invocations


You had 2 spell levels left.
You didn't know any spells.

Dungeon Overview and Level Annotations

Branches:
Dungeon (2/15)

Altars:


Innate Abilities, Weirdness & Mutations

[You are very clumsy. (Dex -4)]
[Your magical capacity is extremely low. (-30% MP)]


Message History

You closely miss the gnoll.
The gnoll is almost dead.
The gnoll hits you!
* * * LOW HITPOINT WARNING * * *
You hit the gnoll.
The gnoll is almost dead.
The gnoll hits you.
* * * LOW HITPOINT WARNING * * *
You slash the gnoll!
You kill the gnoll!
Lugonu accepts your kill.
You can now depart the Abyss.
Your Axes skill increases to level 3!
You have reached level 3!
Your experience leads to an increase in your attributes!
Your base attributes are Str 14, Int 12, Dex 10.
Increase (S)trength, (I)ntelligence, or (D)exterity?
You feel stronger.
You closely miss the gnoll. The gnoll barely misses you.
You closely miss the gnoll. The gnoll hits you with a flail!
You die...

#.#####........##################
#'## #.######## ...# #.#...#
...####.#...# ............###
##### ..............####### #....
..###.#.............# #....
..###.#.#####.###############....
.>.............g@................
...##.#.##.##..##################
.................................
...##.#..#.##.#.#################
..................#..............
......#..#.##...#.#...######.####
##.##.#.....#...#.#...# #.#
##.......#.##...#.#.### #.#
..................#.# #.#


You could see a gnoll.

Vanquished Creatures
  A gnoll (D:1)
  A dart slug (D:1)
  2 giant cockroaches (D:1)
  3 hobgoblins (D:1)
  A bat (D:1)
  3 frilled lizards (D:1)
  A goblin (D:1)
  3 kobolds (D:1)
  3 rats (D:1)
18 creatures vanquished.

Notes
Turn   | Place    | Note
-------+----------+-------------------------------------------
     0 | Abyss:1  | mcbry the Hill Orc Abyssal Knight began the quest for the Orb.
     0 | Abyss:1  | Reached XP level 1. HP: 19/19 MP: 2/2
    63 | Abyss:1  | Found a corrupted altar of Lugonu.
    80 | Abyss:1  | Noticed a wretched star
    90 | Abyss:1  | Noticed an ancient zyme
    92 | D:1      | Escaped the Abyss
   356 | D:1      | Reached skill level 4 in Fighting
   356 | D:1      | Reached XP level 2. HP: 24/27 MP: 2/2
  1092 | D:1      | Reached * piety under Lugonu
  1092 | D:1      | Reached XP level 3. HP: 3/34 MP: 3/3
  1127 | D:1      | Slain by a gnoll

Skill      XL: |  1  2 |
---------------+-------+-----
Fighting       | 4 |  4.4
Axes           | 3 |  3.1
Armour         | |  2.5
Dodging        | |  0.7
Invocations    | |  2.6

Action                   || total
-------------------------++-------
Melee: Hand axe          ||    53
Invok: Depart the Abyss  ||     1
Armor: Leather armour    ||     7
Dodge: Dodged            ||    35
